 Seeded DCSS version 0.30.1-4-g462c640d31 (webtiles) character file.

Game seed: 9889714517487025912 (custom seed)

395217 Cheops the Wrestler (level 22, -13/219 HPs)
             Began as a Troll Fighter on Aug 13, 2023.
             Was the Champion of Wu Jian.
             Shot with a bolt by a vault sentinel (15 damage)
             ... on level 5 of the Vaults on Aug 16, 2023.
             The game lasted 03:41:00 (44615 turns).

Cheops the Wrestler (Troll Fighter)                Turns: 44615, Time: 03:41:01

Health: -13/219    AC: 16    Str: 38    XL:     22   Next: 17%
Magic:  18/24      EV:  9    Int: 12    God:    Wu Jian [******]
Gold:   2033       SH: 13    Dex:  9    Spells: 6/29 levels left

rFire   + +          +
                       - Unarmed
rCold   x . .        b - +2 kite shield {rN+}
rNeg    + + +        a - +6 troll leather armour of Plasticity {Regen+ Str+2}
rPois   +            E - +2 hat "Gilafal" {+Inv rC- rN++ Regen+}
rElec   +            x - +0 cloak
rCorr   +            (gloves unavailable)
SInv    +            (boots unavailable)
Will    ++...        O - amulet "Duruatro" {rF+ Will+ Regen+} Stlth
                     D - ring of Yqowynn {rPois rF+ Str+6}
HPRegen 3.76/turn    z - ring of the Commoners {rElec rF+ rCorr SInv}
MPRegen 0.19/turn

%: no passive effects
@: silenced, studying 2 skills
A: large, unfitting armour, claws 3, regeneration 1, shaggy fur 1, tough skin 1,
low MP 1, passive freeze, sense surroundings 1
}: 2/15 runes: decaying, gossamer
a: Renounce Religion, Evoke Invisibility, Wall Jump


You were on level 5 of the Vaults.
You worshipped Wu Jian.
Wu Jian was exalted by your worship.
You visited 8 branches of the dungeon, and saw 39 of its levels.
You visited the Abyss 1 time.

You collected 4512 gold pieces.
You spent 2479 gold pieces at shops.

Inventory:

Armour
 a - the +6 troll leather armour of Plasticity (worn) {Regen+ Str+2}
   (You bought it in a shop on level 1 of the Orcish Mines)

   Str:       It affects your strength (+2).
   Regen:     It increases your rate of health regeneration.
 b - a +2 kite shield of positive energy (worn)
 i - a +0 robe of willpower
 r - a +2 hat of stealth
 x - a +0 cloak (worn)
 E - the +2 hat "Gilafal" (worn) {+Inv rC- rN++ Regen+}
   (You acquired it on level 6 of the Dungeon)

   rC:        It makes you vulnerable to cold.
   rN:        It greatly protects you from negative energy.
   +Inv:      It lets you turn invisible.
   Regen:     It increases your rate of health regeneration.
Jewellery
 d - the amulet of Racidof {Reflect rC+ Int-3 Slay+6 SH+5}
   (You took it off a deep elf death mage on level 3 of the Elven Halls)

   [amulet of reflection]

   It reflects blocked missile attacks.
   Int:       It affects your intelligence (-3).
   Slay:      It affects your accuracy & damage with ranged weapons and melee
   (+6).
   rC:        It protects you from cold.
   SH:        It affects your SH (+5).
 n - a +4 ring of protection
 z - the ring of the Commoners (right claw) {rElec rF+ rCorr SInv}
   (You acquired it on level 3 of the Lair of Beasts)

   [ring of resist corrosion]

   rF:        It protects you from fire.
   rElec:     It insulates you from electricity.
   SInv:      It lets you see invisible.
   rCorr:     It protects you from acid and corrosion.
 D - the ring of Yqowynn (left claw) {rPois rF+ Str+6}
   (You took it off a deep elf master archer on level 3 of the Elven Halls)

   [ring of strength]

   Str:       It affects your strength (+6).
   rF:        It protects you from fire.
   rPois:     It protects you from poison.
 H - a ring of flight
 N - a ring of protection from cold
 O - the amulet "Duruatro" (around neck) {rF+ Will+ Regen+}
   (You bought it in a shop on level 2 of the Vaults)

   [amulet of regeneration]

   rF:        It protects you from fire.
   Regen:     It increases your rate of health regeneration.
   Will:      It increases your willpower.
 Q - the ring of Plog {rF+ Int+6 Dex+3}
   (You found it on level 2 of the Vaults)

   [ring of intelligence]

   Int:       It affects your intelligence (+6).
   Dex:       It affects your dexterity (+3).
   rF:        It protects you from fire.
 Y - the ring "Curunyam" {rF+ rC- rN+ Will+ SInv}
   (You found it on level 5 of the Lair of Beasts)

   [ring of protection from fire]

   rF:        It protects you from fire.
   rC:        It makes you vulnerable to cold.
   rN:        It protects you from negative energy.
   SInv:      It lets you see invisible.
   Will:      It increases your willpower.
 Z - a ring of protection from cold
Wands
 f - a wand of flame (92)
 s - a wand of quicksilver (27)
 G - a wand of digging (19)
 L - a wand of iceblast (51)
 P - a wand of paralysis (50)
 R - a wand of polymorph (9)
 U - a wand of mindburst (32)
Scrolls
 e - 6 scrolls of vulnerability
 g - 5 scrolls of torment
 j - a scroll of acquirement
 k - 8 scrolls of blinking
 l - 9 scrolls of poison
 p - 6 scrolls of teleportation
 q - 5 scrolls of immolation
 w - 3 scrolls of magic mapping
 y - 7 scrolls of fog
 S - 2 scrolls of butterflies
 V - 4 scrolls of fear
Potions
 c - 6 potions of might
 h - 9 potions of attraction
 m - 8 potions of mutation
 o - 13 potions of curing
 t - 2 potions of magic
 u - 8 potions of flight
 A - 10 potions of brilliance
 B - 2 potions of cancellation
 C - 6 potions of haste
 I - 8 potions of heal wounds
 J - 13 potions of lignification
 K - 6 potions of berserk rage
 M - 4 potions of ambrosia
 T - 3 potions of resistance
 X - 2 potions of invisibility
Miscellaneous
 v - a box of beasts (inert)
 W - a lightning rod (4/4)


   Skills:
 + Level 13.3 Fighting
 - Level 5.0 Armour
 - Level 2.4 Dodging
 + Level 13.4 Shields
 * Level 21.5 Unarmed Combat
 - Level 4.1 Spellcasting
 - Level 7.0 Translocations
 + Level 13.2 Transmutations
 - Level 6.0 Air Magic
 + Level 17.2 Earth Magic
 - Level 2.0 Evocations


You had 6 spell levels left.
You knew the following spells:

 Your Spells              Type           Power      Damage    Failure   Level
b - Blade Hands           Tmut           17%        N/A       3%          5
p - Passwall              Tmut/Erth      32%        N/A       1%          2
s - Statue Form           Tmut/Erth      26%        N/A       10%         6
w - Wereblood             Tmut           34%        N/A       1%          2
A - Apportation           Tloc           38%        N/A       1%          1
B - Blink                 Tloc           38%        N/A       2%          2
L - Lesser Beckoning      Tloc           38%        N/A       2%          2
V - Vhi's Electric Charg  Tloc/Air       36%        N/A       7%          3

Your spell library contained the following spells:

 Spells                   Type           Power      Damage    Failure   Level
 Beastly Appendage        Tmut           68%        N/A       1%          1
 Sandblast                Erth           86%        2d18      1%          1
 Sting                    Tmut/Pois      72%        1d6       1%          1
 Lee's Rapid Deconstruct  Erth           21%        3d12*     1%          5
 Stone Arrow              Conj/Erth      46%        3d9       2%          3
 Gell's Gravitas          Tloc           19%        N/A       5%          3
 Teleport Other           Tloc           19%        N/A       5%          3
 Spider Form              Tmut/Pois      18%        N/A       6%          3
 Animate Armour           Summ/Erth      46%        N/A       9%          4
 Leda's Liquefaction      Hex/Erth       11%        N/A       9%          4
 Momentum Strike          Conj/Tloc      20%        3d8       12%         2
 Poisonous Vapours        Pois/Air       18%        N/A       14%         2
 Ignite Poison            Fire/Tmut/Pois 13%        N/A       16%         3
 Manifold Assault         Tloc           19%        N/A       19%         4
 Passage of Golubria      Tloc           19%        N/A       19%         4
 Ice Form                 Ice/Tmut       18%        N/A       21%         4
 Cigotuvi's Dreadful Rot  Necr/Pois/Air  14%        N/A       22%         2
 Portal Projectile        Hex/Tloc       20%        N/A       22%         3
 Volatile Blastmotes      Fire/Tloc      20%        2d11      22%         3
 Kiss of Death            Conj/Necr      8%         2d6       32%         1
 Summon Small Mammal      Summ           8%         N/A       32%         1
 Mephitic Cloud           Conj/Pois/Air  7%         N/A       38%         3
 Ensorcelled Hibernation  Hex/Ice        4%         N/A       43%         2
 Iskenderun's Mystic Bla  Conj/Tloc      10%        2d4       58%         4
 Call Canine Familiar     Summ           2%         N/A       67%         3
 Confusing Touch          Hex            2%         N/A       67%         3
 Dazzling Flash           Conj/Hex       4%         N/A       67%         3
 Frozen Ramparts          Ice            4%         1d1       67%         3
 Inner Flame              Hex/Fire       2%         N/A       67%         3
 Ozocubu's Armour         Ice            2%         N/A       67%         3
 Summon Guardian Golem    Hex/Summ       2%         N/A       67%         3
 Tukima's Dance           Hex            2%         N/A       67%         3
 Iron Shot                Conj/Erth      11%        9d3       80%         6
 Arcjolt                  Conj/Air       4%         1d14      95%         5
 Silence                  Hex/Air        4%         N/A       95%         5
 Dispersal                Tloc           9%         N/A       95%         6
 Anguish                  Hex/Necr       1%         N/A       97%         4
 Dispel Undead            Necr           2%         3d7       97%         4
 Flame Wave               Conj/Fire      2%         2d4       97%         4
 Fulminant Prism          Conj/Hex       1%         3d5       97%         4
 Olgreb's Toxic Radiance  Pois           2%         N/A       97%         4
 Sticky Flame             Conj/Fire      2%         2d3       97%         4
 Summon Ice Beast         Ice/Summ       2%         N/A       97%         4
 Freezing Cloud           Conj/Ice/Air   3%         6-21      98%         5
 Fireball                 Conj/Fire      1%         3d3       100%        5
 Iskenderun's Battlesphe  Conj           2%         2d6       100%        5
 Metabolic Englaciation   Hex/Ice        1%         N/A       100%        5
 Conjure Ball Lightning   Conj/Air       4%         3x3d6     100%        6
 Death Channel            Necr           1%         N/A       100%        6
 Plasma Beam              Fire/Air       4%         2x1d16    100%        6
 Simulacrum               Ice/Necr       1%         N/A       100%        6
 Starburst                Conj/Fire      1%         6d3       100%        6
 Orb of Destruction       Conj           1%         9d5       100%        7
 Spellforged Servitor     Conj/Summ      1%         N/A       100%        7
 Discord                  Hex            1%         N/A       100%        8
 Disjunction              Tloc           9%         N/A       100%        8
 Ignition                 Fire           1%         3d3       100%        8
 Lehudib's Crystal Spear  Conj/Erth      11%        10d4      100%        8


Dungeon Overview and Level Annotations

Branches:
Dungeon (15/15)            Temple (1/1) D:6            Lair (5/5) D:10
  Swamp (4/4) Lair:2       Spider (4/4) Lair:3        Slime (0/5) Lair:5
    Orc (2/2) D:12            Elf (3/3) Orc:2        Vaults (5/5) D:13
  Crypt (0/3) Vaults:2     Depths (0/4) D:15

Altars:
Ashenzari
Cheibriados
Dithmenos
Elyvilon
Fedhas
Gozag
Hepliaklqana
Kikubaaqudgha
Makhleb
Nemelex Xobeh
Okawaru
Qazlal
Ru
Sif Muna
Trog
Uskayaw
Vehumet
Wu Jian
Xom
Yredelemnul
Zin
The Shining One

Shops:
D:1 [   D:2 (::(   D:6 ?!*   D:12 *   Orc:1 [   Orc:2 !=[:   Elf:1 *
Vaults:2 =   Vaults:3 *

Portals:
Trove: D:11 (give 8 potions of haste)


Innate Abilities, Weirdness & Mutations

You are too large for most types of armour.
You have claws for hands.
Your natural rate of healing is unusually fast.
You are covered in fur. (AC +1)
You have tough skin. (AC +1)
Your magical capacity is low. (-10% MP)
A frigid envelope surrounds you and freezes all who hurt you.
You passively map a small area around you.


Message History

The shadow dragon is severely wounded.
The fiery explosion engulfs the white very ugly thing!!!
Flame seeps out of the white very ugly thing.
The white very ugly thing is almost dead.
The fiery explosion engulfs the war gargoyle!
The war gargoyle resists.
Flame seeps out of the war gargoyle.
The war gargoyle is moderately damaged.
The fiery explosion engulfs you! You resist.
* * * LOW HITPOINT WARNING * * *
The fiery explosion engulfs the yaktaur captain!!!
The yaktaur captain is heavily wounded.
You are engulfed in blazing flames.
You resist.
* * * LOW HITPOINT WARNING * * *
The two-headed ogre changes into an elephant!
The white very ugly thing is engulfed in blazing flames.
Flame seeps out of the white very ugly thing.
The white very ugly thing stings you!
* * * LOW HITPOINT WARNING * * *
The white very ugly thing freezes you!!
You feel a terrible chill!
* * * LOW HITPOINT WARNING * * *
The white very ugly thing resists.
The white very ugly thing is very cold.
Flame seeps out of the white very ugly thing.
The white very ugly thing is almost dead.
The war gargoyle launches metal splinters at you.
The spray of metal splinters misses you.
The quicksilver ooze jiggles.
The yaktaur captain wields a +0 arbalest.
The yaktaur captain shoots a bolt.
The bolt hits you!!
* * * LOW HITPOINT WARNING * * *
The shadow dragon is engulfed in blazing flames.
Flame seeps out of the shadow dragon.
The shadow dragon breathes negative energy at you.
The bolt of negative energy hits you but does no damage.
You resist.
The yaktaur captain wields a +0 arbalest.
The yaktaur captain shoots a bolt.
The bolt hits you!
* * * LOW HITPOINT WARNING * * *
A titan comes into view.
The vault sentinel shoots a bolt.
The bolt hits you!
You die...

, , #'#....#C...
, * ,
###.#....#c..,
........... * *
###....J...####
* ,
.......?.T.....
, , ,
......§9§[.....
....[§D§uc.....
.Yp.[§°@§[.....
,, ,
##..[§§§[[.####
** * , ,
.....L§§[......
,
,.......[.#..##.
, ##..#....#.##
....#....# # ...
#....# ,,, * ##
#....# * * , **
,


You could see a shadow dragon (inner flame, unsilenced), a titan, an ancient
lich, a white very ugly thing (inner flame), 2 yaktaur captains, an elephant
shaped shifter, a war gargoyle (inner flame, unsilenced), a vault sentinel
(inner flame), a quicksilver ooze shaped shifter and a deep troll earth mage.

Vanquished Creatures
  An ancient lich (Vaults:2)
  The ghost of astronautguy the Petrodigitator, a master FoEE of Vehumet (Vaults:2)
  Boris (Vaults:2)
  the Lernaean hydra (Swamp:4)
  The ghost of Gehusmowke the Alchemist, a veteran DgCj (Vaults:2)
  Arachne (Spider:1)
  2 deep elf blademasters (Elf:3)
  3 liches (Vaults:2)
  4 tentacled monstrosities
  2 deep elf master archers (Elf:3)
  A quicksilver dragon (Vaults:5)
  A titan (Vaults:3)
  A sphinx (Vaults:3)
  A tengu reaver (Vaults:3)
  A thorn hunter (Swamp:1)
  2 shadow dragons
  2 tentacled starspawn (Abyss:2)
  The ghost of math4jedi the Severer, an adept MiBe of Trog (Spider:3)
  Roxanne (D:15)
  3 fire giants
  Donald (Spider:1)
  10 vault wardens
  Louise (Swamp:3)
  3 emperor scorpions
  Aizul (Swamp:3)
  3 deep elf sorcerers
  4 ghost moths
  4 frost giants
  3 deep elf elementalists (Elf:3)
  3 ghouls
  A curse skull (Vaults:2)
  4 broodmothers
  20 ironbound preservers
  A stone giant (Vaults:3)
  A war gargoyle (Vaults:3)
  A quicksilver ooze (Lair:5)
  7 deep elf demonologists
  4 very ugly things
  9 ironbound thunderhulks
  A vampire knight (Elf:3)
  8 eleionomae
  15 dire elephants
  7 bunyips
  3 deep elf annihilators
  3 spark wasps
  A yellow draconian (Abyss:2)
  2 eidola (Elf:3)
  4 ettins
  The ghost of Wiggles the Executioner, a journeyman MiBe of Trog (D:11)
  4 deep elf high priests
  4 deep elf death magi (Elf:3)
  5 entropy weavers
  8 great orbs of eyes
  12 yaktaur captains
  Harold (D:10)
  A shambling mangrove (Swamp:1)
  41 vault guards
  3 peacekeepers
  20 hydras
  An ogre mage (D:15)
  2 ghost crabs
  5 jorogumos
  2 catoblepae
  8 ironbound frosthearts
  10 boulder beetles
  10 alligators
  18 centaur warriors
  23 death yaks
  6 two-headed ogres
  2 deep troll earth magi (Vaults:3)
  34 dancing weapons
  2 tengu warriors (D:15)
  3 orc high priests (Orc:2)
  A thrashing horror (Abyss:2)
  5 hell knights (Abyss:2)
  3 skysharks (Lair:5)
  18 deep elf knights
  13 spriggans
  A wretched star (Abyss:2)
  A shadow wraith (Abyss:2)
  A titan skeleton (Vaults:4)
  7 pharaoh ants
  A skeletal warrior (Elf:3)
  3 large abominations (Abyss:2)
  5 sun moths
  3 elf simulacra (Elf:3)
  5 goliath frogs
  Lodul (D:11)
  4 bog bodies
  35 deep trolls
  15 orb spiders
  2 glowing orange brains (Vaults:2)
  5 phantasmal warriors
  3 flayed ghosts
  7 spriggan druids
  20 ironbound convokers
  A golden dragon skeleton (Vaults:4)
  11 deep elf archers
  6 orc knights
  14 swamp dragons
  3 harpies (Vaults:2)
  4 steelbarb worms
  5 lindwurms
  7 wizards
  32 deep elf zephyrmancers
  8 wolf spiders
  7 necromancers
  25 deep elf pyromancers
  13 ugly things
  5 orc sorcerers
  2 cyclopes
  6 will-o-the-wisps
  6 moths of wrath
  4 manticores
  3 black mambas
  A rust devil (Abyss:2)
  A moth of wrath (shapeshifter) (Elf:3)
  4 torpor snails
  11 vault sentinels
  5 elephants (Lair:5)
  A smoke demon (Abyss:2)
  A guardian serpent (Vaults:3)
  29 cane toads
  7 demonic crawlers
  4 spectral elves (Elf:3)
  2 rime drakes (Lair:5)
  2 kobold demonologists
  27 yaktaurs
  11 komodo dragons
  An ancient zyme (Abyss:2)
  2 freezing wraiths
  2 yaktaur skeletons
  7 trolls
  16 tarantellas
  A bloated husk (Swamp:2)
  2 polar bears (Lair:4)
  8 tyrant leeches
  14 hornets
  21 blink frogs
  3 raiju (Abyss:2)
  A jumping spider (shapeshifter) (D:13)
  39 jumping spiders
  31 slime creatures
  4 shadows
  2 yaks (shapeshifter)
  3 water elementals
  2 air elementals (Elf:1)
  2 wraiths
  30 culicivoras
  2 fire elementals (Elf:3)
  2 wyverns
  A vampire (Elf:3)
  7 starcursed masses (Abyss:2)
  31 yaks
  4 basilisks
  20 vampire mosquitoes
  37 redbacks
  A steam dragon (D:8)
  A basilisk (shapeshifter) (D:15)
  17 swamp worms
  An acid dragon (D:12)
  A hell hound (Spider:2)
  8 water moccasins
  An entropy weaver zombie (Vaults:3)
  2 ice beasts
  12 swamp drakes
  A black bear (shapeshifter) (D:14)
  25 orc warriors
  2 sky beasts
  3 black bears
  A boggart (Vaults:1)
  An ettin simulacrum (Vaults:3)
  15 ogres
  30 wolves
  A human skeleton (Vaults:3)
  10 centaurs
  A phantom (D:4)
  10 kobold brigands
  Blork the orc (D:6)
  17 bullfrogs
  6 necrophages (Lair:3)
  3 gnoll sergeants (D:12)
  A glowing shapeshifter simulacrum (Vaults:3)
  6 scorpions
  4 small abominations (Abyss:2)
  An ogre simulacrum (Vaults:4)
  An earth elemental (Elf:2)
  12 wights
  16 killer bees
  2 electric eels
  A howler monkey (D:5)
  3 hounds
  A human simulacrum (Vaults:4)
  15 orc priests
  11 jellies
  5 iguanas
  A sleepcap (D:7)
  15 orc wizards
  Natasha (thrice) (D:3)
  A boggart simulacrum (D:15)
  Robin (D:2)
  6 gnolls
  10 adders
  A river rat (D:3)
  2 shadow imps (D:6)
  7 white imps
  4 ufetubi
  4 worms
  9 dart slugs
  58 orcs
  5 bats
  22 endoplasms
  4 giant cockroaches
  11 goblins
  13 hobgoblins
  4 jackals (D:3)
  3 quokkas
  10 ball pythons
  2 frilled lizards
  17 kobolds
  11 rats
  A butterfly (Lair:5)
  A lost soul (Elf:3)
1580 creatures vanquished.

Vanquished Creatures (others)
  Nikola (Vaults:2)
  A vampire knight (Vaults:2)
  2 swamp dragons (Swamp:4)
  A bloated husk (Swamp:2)
  A spriggan (Swamp:2)
  2 redbacks (Vaults:2)
  2 swamp drakes
  An orc wizard (Orc:2)
  10 foxfires
  A lost soul (Elf:3)
  4 starspawn tentacles (Abyss:2)
26 creatures vanquished.

Grand Total: 1606 creatures vanquished

Notes
Turn   | Place    | Note
-------+----------+-------------------------------------------
     0 | D:1      | Cheops the Troll Fighter began the quest for the Orb.
     0 | D:1      | Reached XP level 1. HP: 22/22 MP: 0/0
   235 | D:1      | Reached skill level 3 in Unarmed Combat
   235 | D:1      | Reached XP level 2. HP: 24/29 MP: 1/1
   411 | D:1      | Found Cetzu Xats's Armour Boutique.
   618 | D:1      | Reached XP level 3. HP: 36/36 MP: 2/2
   797 | D:1      | Found a faded altar of an unknown god.
   926 | D:2      | Noticed Robin
   933 | D:2      | Reached skill level 4 in Unarmed Combat
   965 | D:2      | Killed Robin
   966 | D:2      | Reached XP level 4. HP: 37/44 MP: 3/3
  1007 | D:2      | Found Ekheymi's Book Boutique.
  1165 | D:2      | Found Louragg's Book Shop.
  1428 | D:2      | Found Feumoesu's Antique Weapon Shoppe.
  1613 | D:2      | Found Hiumis's Weapon Shoppe.
  1784 | D:3      | Reached skill level 5 in Unarmed Combat
  1889 | D:3      | Noticed Natasha
  1910 | D:3      | Killed Natasha
  1911 | D:3      | Reached XP level 5. HP: 23/50 MP: 4/4
  2074 | D:3      | Found a snail-covered altar of Cheibriados.
  2116 | D:3      | Noticed Natasha
  2121 | D:3      | Killed Natasha
  2194 | D:3      | Found a glowing drain.
  2498 | D:3      | Noticed Natasha
  2506 | D:3      | Killed Natasha
  2507 | D:3      | Reached skill level 6 in Unarmed Combat
  2548 | D:3      | Found a sparkling altar of Nemelex Xobeh.
  2704 | D:3      | Found a burning altar of Makhleb.
  2831 | D:3      | Found a stormy altar of Qazlal.
  3032 | D:4      | Noticed a phantom
  3038 | D:4      | Killed a phantom
  3039 | D:4      | Reached XP level 6. HP: 59/59 MP: 5/5
  3185 | D:4      | Reached skill level 7 in Unarmed Combat
  3417 | D:5      | Entered Level 5 of the Dungeon
  3613 | D:5      | Reached XP level 7. HP: 66/66 MP: 6/6
  3640 | D:5      | Reached skill level 8 in Unarmed Combat
  3644 | D:5      | Gained mutation: Your magical capacity is low. (-10% MP)
                  | [potion of mutation]
  3644 | D:5      | Gained mutation: A frigid envelope surrounds you and
                  | freezes all who hurt you. [potion of mutation]
  3644 | D:5      | Gained mutation: You passively map a small area around you.
                  | [potion of mutation]
  3736 | D:5      | Identified the +1 robe of the Gardener {-Tele rPois Str+6
                  | Archmagi}
  4484 | D:6      | Found Wuydolog's Assorted Antiques.
  4519 | D:6      | Bought a scroll of identify for 52 gold pieces
  4519 | D:6      | Bought a scroll of identify for 52 gold pieces
  4519 | D:6      | Bought a scroll labelled JALIZX WEUSS for 26 gold pieces
  4519 | D:6      | Bought a scroll labelled BAUL WOTOZUMEE for 26 gold pieces
  4673 | D:6      | Found Jioloso's Distillery.
  4681 | D:6      | Bought a potion of heal wounds for 65 gold pieces
  4681 | D:6      | Bought a potion of lignification for 39 gold pieces
  4681 | D:6      | Bought a potion of lignification for 39 gold pieces
  4687 | D:6      | Noticed Blork the orc
  4688 | D:6      | Found a staircase to the Ecumenical Temple.
  4696 | D:6      | Reached XP level 8. HP: 36/75 MP: 6/6
  4700 | D:6      | Killed Blork the orc
  4764 | Temple   | Entered the Ecumenical Temple
  4842 | Temple   | Became a worshipper of the Wu Jian Council
  4891 | D:6      | Found a shadowy altar of Dithmenos.
  4915 | D:6      | Reached skill level 9 in Unarmed Combat
  5085 | D:6      | Found Estrej's Magic Scroll Boutique.
  5090 | D:6      | Bought a scroll of identify for 24 gold pieces
  5090 | D:6      | Bought a scroll of identify for 24 gold pieces
  5090 | D:6      | Bought a scroll of identify for 24 gold pieces
  5090 | D:6      | Identified a scroll of acquirement
  5093 | D:6      | Acquired the +2 hat "Gilafal" {+Inv rC- rN++ Regen+}
  5416 | D:7      | Found a glowing silver altar of Zin.
  5424 | D:7      | Noticed an angel
  5432 | D:7      | Found a shimmering altar of Xom.
  6073 | D:8      | Reached skill level 10 in Unarmed Combat
  6206 | D:8      | Found a sacrificial altar of Ru.
  6207 | D:8      | Found a blossoming altar of Fedhas.
  6209 | D:8      | Found an ancient bone altar of Kikubaaqudgha.
  6212 | D:8      | Found a radiant altar of Vehumet.
  6212 | D:8      | Noticed a hornet
  6224 | D:8      | Killed a hornet
  6224 | D:8      | Reached * piety under Wu Jian
  6225 | D:8      | Reached skill level 5 in Shields
  6225 | D:8      | Reached XP level 9. HP: 85/85 MP: 7/7
  6237 | D:8      | Found a bloodstained altar of Trog.
  6721 | D:9      | Reached skill level 5 in Fighting
  6773 | D:9      | Reached skill level 11 in Unarmed Combat
  7030 | D:9      | Noticed a kobold demonologist
  7031 | D:9      | Noticed a boulder beetle
  7052 | D:9      | Noticed an orange demon
  7052 | D:9      | Killed a boulder beetle
  7053 | D:9      | Reached XP level 10. HP: 74/97 MP: 8/8
  7101 | D:9      | Reached skill level 12 in Unarmed Combat
  7213 | D:9      | Reached ** piety under Wu Jian
  7236 | D:9      | Found a hazy altar of Hepliaklqana.
  7375 | D:9      | Noticed a brown ugly thing
  7378 | D:9      | Killed a brown ugly thing
  7401 | D:9      | Noticed a centaur warrior
  7409 | D:9      | Killed a centaur warrior
  7822 | D:10     | Entered Level 10 of the Dungeon
  7930 | D:10     | Reached skill level 13 in Unarmed Combat
  7990 | D:10     | Noticed a manticore
  7999 | D:10     | Killed a manticore
  8016 | D:10     | Found a white marble altar of Elyvilon.
  8293 | D:10     | Noticed Harold
  8327 | D:10     | Killed Harold
  8328 | D:10     | Reached XP level 11. HP: 90/107 MP: 8/8
  8450 | D:10     | Found a staircase to the Lair.
  8814 | D:11     | Found a portal to a secret trove of treasure.
  8823 | D:11     | Noticed a two-headed ogre
  8835 | D:11     | Killed a two-headed ogre
  8880 | D:11     | Noticed a cyan ugly thing
  8888 | D:11     | Killed a cyan ugly thing
  9168 | D:11     | Reached skill level 14 in Unarmed Combat
  9171 | D:11     | Noticed Lodul
  9194 | D:11     | Killed Lodul
  9209 | D:11     | Reached *** piety under Wu Jian
  9251 | D:11     | Found a runed translucent door.
  9251 | D:11     | Found a shimmering altar of Xom.
  9251 | D:11     | Noticed Wiggles's ghost (journeyman MiBe)
  9252 | D:11     | Noticed a +2 flail of chaos
  9920 | D:2      | Bought a book of Iron for 360 gold pieces
  9923 | D:2      | Learned a level 2 spell: Passwall
  9929 | D:2      | Learned a level 5 spell: Blade Hands
 10286 | D:12     | Noticed a deep elf pyromancer
 10292 | D:12     | Killed a deep elf pyromancer
 10327 | D:12     | Found a transporter.
 10327 | D:12     | Found Cemeumei's General Store.
 10380 | D:12     | Found a staircase to the Orcish Mines.
 10483 | D:12     | Found a transporter.
 10626 | D:12     | Noticed a boulder beetle
 10631 | D:12     | Killed a boulder beetle
 10632 | D:12     | Reached XP level 12. HP: 119/119 MP: 9/9
 10647 | D:12     | Reached skill level 15 in Unarmed Combat
 10759 | D:12     | Noticed a boulder beetle
 10774 | D:12     | Killed a boulder beetle
 11199 | D:13     | Noticed a catoblepas
 11219 | D:13     | Killed a catoblepas
 11220 | D:13     | Reached skill level 1 in Evocations
 11262 | D:13     | Noticed a two-headed ogre
 11265 | D:13     | Killed a two-headed ogre
 11360 | D:13     | Noticed a centaur warrior
 11366 | D:13     | Killed a centaur warrior
 11406 | D:13     | Found a gate to the Vaults.
 11406 | D:13     | Noticed a centaur warrior
 11406 | D:13     | Noticed a vault guard
 11406 | D:13     | Noticed a vault guard
 11406 | D:13     | Noticed a vault guard
 11406 | D:13     | Noticed a vault guard
 11406 | D:13     | Noticed a centaur warrior
 11406 | D:13     | Noticed a two-headed ogre
 11424 | D:13     | Killed a vault guard
 11432 | D:13     | Killed a vault guard
 11433 | D:13     | Killed a centaur warrior
 11434 | D:13     | Killed a centaur warrior
 11434 | D:13     | Reached **** piety under Wu Jian
 11435 | D:13     | Reached skill level 16 in Unarmed Combat
 11444 | D:13     | Killed a vault guard
 11451 | D:13     | Killed a vault guard
 11455 | D:13     | Killed a two-headed ogre
 11544 | D:13     | Reached skill level 10 in Shields
 11742 | D:13     | Learned a level 4 spell: Ice Form
 11846 | Lair:1   | Entered Level 1 of the Lair of Beasts
 11859 | Lair:1   | Reached XP level 13. HP: 108/131 MP: 10/10
 12646 | Lair:1   | Reached ***** piety under Wu Jian
 12956 | Lair:2   | Reached skill level 17 in Unarmed Combat
 13369 | Lair:2   | Found a staircase to the Swamp.
 13947 | Lair:3   | Identified the +5 falchion "Kiecholi" {protect, rPois rC-
                  | Str+4 Stlth+}
 14057 | Lair:3   | Found a hole to the Spider Nest.
 14238 | Lair:3   | Reached skill level 10 in Fighting
 14444 | Lair:3   | Acquired the ring of the Commoners {rElec rF+ rCorr SInv}
 15280 | Lair:4   | Reached XP level 14. HP: 121/143 MP: 11/11
 15294 | Lair:4   | Reached skill level 18 in Unarmed Combat
 15718 | Lair:5   | Entered Level 5 of the Lair of Beasts
 15738 | Lair:5   | Found a staircase to the Slime Pits.
 16103 | Lair:5   | Reached ****** piety under Wu Jian
 16263 | Lair:5   | Reached skill level 19 in Unarmed Combat
 16478 | Lair:5   | Found the +3 pair of seven-league boots {Rampage+∞}
 16612 | Lair:5   | Identified the +5 flail of Eternal Vigilance {freeze, Int+3
                  | Dex+3}
 16613 | Lair:5   | Identified the ring "Curunyam" {rF+ rC- rN+ Will+ SInv}
 16797 | Lair:5   | Noticed a quicksilver ooze
 16800 | Lair:5   | Killed a quicksilver ooze
 16801 | Lair:5   | Reached XP level 15. HP: 154/154 MP: 12/12
 17392 | Orc:1    | Entered Level 1 of the Orcish Mines
 17741 | Orc:1    | Paralysed by an orc sorcerer for 3 turns
 17950 | Orc:1    | Found Adoppe's Antique Armour Boutique.
 18015 | Orc:2    | Entered Level 2 of the Orcish Mines
 18150 | Orc:1    | Bought a pitted troll leather armour for 700 gold pieces
 18150 | Orc:1    | Identified the +6 troll leather armour of Plasticity
                  | {Regen+ Str+2} (You bought it in a shop on level 1 of the
                  | Orcish Mines)
 18271 | Orc:2    | Found a staircase to the Elven Halls.
 18837 | Orc:2    | HP: 1/154 [orc knight/+3 glaive (29)]
 18935 | Orc:2    | Found Unaihij's Book Emporium.
 18940 | Orc:2    | Found Loetef's Armour Shop.
 18951 | Orc:2    | Found Xyir Qeru's Jewellery Shop.
 18953 | Orc:2    | Found Nafrerat's Distillery.
 18962 | Orc:2    | Bought 2 potions of heal wounds for 120 gold pieces
 19128 | D:14     | Reached skill level 20 in Unarmed Combat
 20179 | D:15     | Entered Level 15 of the Dungeon
 20295 | D:15     | Identified Roxanne's Volume of Scree
 20295 | D:15     | Noticed Roxanne
 20310 | D:15     | Killed Roxanne
 20492 | D:15     | Noticed a frost giant
 20493 | D:15     | Found a staircase to the Depths.
 20496 | D:15     | Killed a frost giant
 20579 | D:15     | Found an iron altar of Okawaru.
 21256 | Swamp:1  | Entered Level 1 of the Swamp
 21502 | Swamp:1  | Noticed a thorn hunter
 21860 | Swamp:1  | Killed a thorn hunter
 22007 | Swamp:1  | Found a white marble altar of Elyvilon.
 22290 | Swamp:2  | Reached skill level 21 in Unarmed Combat
 22329 | Swamp:1  | Reached XP level 16. HP: 156/167 MP: 13/13
 22664 | Swamp:1  | Reached skill level 1 in Spellcasting
 23062 | Swamp:2  | Identified the +6 dagger of Hafus {speed, rN+}
 23111 | Swamp:2  | Noticed a tentacled monstrosity
 23112 | Swamp:2  | Noticed a tentacled monstrosity
 23135 | Swamp:2  | Killed a tentacled monstrosity
 23141 | Swamp:2  | Killed a tentacled monstrosity
 23166 | Swamp:2  | Noticed a tentacled monstrosity
 23177 | Swamp:2  | Killed a tentacled monstrosity
 23471 | Swamp:2  | Learned a level 6 spell: Statue Form
 23519 | Swamp:3  | Reached skill level 1 in Transmutations
 23773 | Swamp:3  | Noticed Aizul
 23781 | Swamp:3  | Noticed Louise
 23790 | Swamp:3  | Killed Aizul
 23797 | Swamp:3  | Killed Louise
 24185 | Swamp:4  | Entered Level 4 of the Swamp
 24303 | Swamp:4  | Reached skill level 5 in Transmutations
 24542 | Swamp:4  | Noticed the 27-headed Lernaean hydra
 24545 | Swamp:4  | Killed the 27-headed Lernaean hydra
 24668 | Swamp:4  | Reached XP level 17. HP: 120/176 MP: 19/19
 25128 | Swamp:4  | Got a decaying rune of Zot
 25536 | Spider:1 | Entered Level 1 of the Spider Nest
 25583 | Spider:1 | Reached skill level 1 in Armour
 25945 | Spider:1 | You fall into a shaft and drop 1 floor!
 26081 | Spider:1 | Noticed Donald
 26101 | Spider:1 | Killed Donald
 26537 | Spider:2 | Noticed Arachne
 26548 | Spider:1 | Killed Arachne
 26549 | Spider:1 | Reached skill level 5 in Armour
 26549 | Spider:1 | Reached skill level 1 in Earth Magic
 27389 | Spider:3 | Reached skill level 5 in Earth Magic
 27852 | Spider:3 | Found a runed translucent door.
 27855 | Spider:3 | Found a shimmering altar of Xom.
 27855 | Spider:3 | Noticed math4jedi's ghost (adept MiBe)
 28358 | Abyss:2  | Cast into level 2 of the Abyss (+4 broad axe of chaos)
 28420 | Abyss:2  | Reached XP level 18. HP: 56/185 MP: 20/20
 28592 | Abyss:2  | Found a corrupted altar of Lugonu.
 28596 | Abyss:2  | Found a corrupted altar of Lugonu.
 28596 | Abyss:2  | Found a corrupted altar of Lugonu.
 28630 | Abyss:2  | Found a corrupted altar of Lugonu.
 28669 | Abyss:2  | Found a corrupted altar of Lugonu.
 28669 | Abyss:2  | Found a corrupted altar of Lugonu.
 28744 | Abyss:2  | Paralysed by accursed screaming for 1 turns
 28756 | Spider:3 | Escaped the Abyss
 28769 | Spider:3 | Killed math4jedi's ghost
 29011 | D:11     | Killed Wiggles's ghost
 29242 | Spider:4 | Entered Level 4 of the Spider Nest
 29251 | Spider:4 | Reached skill level 10 in Earth Magic
 31140 | Spider:4 | Reached skill level 10 in Transmutations
 31177 | Spider:4 | Got a gossamer rune of Zot
 31544 | Elf:1    | Entered Level 1 of the Elven Halls
 31887 | Elf:1    | Found Ragiedeny's General Store.
 32150 | Elf:1    | Paralysed by an air elemental for 1 turns
 32154 | Elf:1    | Paralysed by an air elemental for 1 turns
 32231 | Elf:1    | Paralysed by an air elemental for 1 turns
 32800 | Elf:2    | Reached XP level 19. HP: 193/193 MP: 21/21
 33075 | Elf:2    | Found a runed translucent door.
 33113 | Elf:2    | Found a runed translucent door.
 33581 | Elf:2    | HP: 8/193 [+3 mace of venom (10)]
 33583 | Elf:2    | HP: 3/193 [+4 lajatang of pain (8)]
 34180 | Elf:3    | Entered Level 3 of the Elven Halls
 36269 | Elf:3    | Identified the +0 leather armour of Giuwk {Stlth+}
 36448 | Elf:3    | Identified the +2 robe of a Thousand Stars {Dex+2}
 36478 | Elf:3    | Identified the ring of Yqowynn {rPois rF+ Str+6}
 36694 | Elf:3    | Identified the +6 demon blade of Nihidoq {drain, Fragile
                  | rPois rN+ Int+2}
 36694 | Elf:3    | Identified the amulet of Racidof {Reflect rC+ Int-3 Slay+6
                  | SH+5}
 36704 | Elf:3    | Identified the ring "Zuodarch" {rPois rF- rC+ Will+ Dex+6}
 36767 | Elf:3    | Identified the +2 hand axe of Gorrudoth {freeze, rF- Str+4
                  | Int+7 Dex+3}
 36779 | Elf:3    | Got the Vellum of the Mighty Traveller
 36788 | Elf:3    | Identified the staff of earth "Locses" {Contam rN+ Int+4}
 36841 | Elf:3    | Learned a level 1 spell: Beastly Appendage
 36851 | Elf:3    | Learned a level 2 spell: Wereblood
 37083 | Vaults:1 | Entered Level 1 of the Vaults
 37325 | Vaults:1 | Reached XP level 20. HP: 191/202 MP: 17/22
 37649 | Vaults:1 | Found the +9 sword of Power {lifebolt}
 38216 | Vaults:1 | Reached skill level 15 in Earth Magic
 39515 | Vaults:2 | Found Putteh's Jewellery Boutique.
 39522 | Vaults:2 | Bought the amulet "Duruatro" {rF+ Will+ Regen+} for 694
                  | gold pieces
 39977 | Vaults:2 | Noticed Nikola
 39989 | Vaults:2 | Killed Nikola
 39990 | Vaults:2 | Noticed Boris
 39991 | Vaults:2 | Noticed an ancient lich
 40263 | Vaults:2 | Killed an ancient lich
 40352 | Vaults:2 | Killed Boris
 40624 | Orc:2    | Bought a book of Spatial Translocations for 234 gold pieces
 40626 | Orc:2    | Learned a level 1 spell: Apportation
 40629 | Orc:2    | Learned a level 2 spell: Blink
 40632 | Orc:2    | Learned a level 2 spell: Lesser Beckoning
 40796 | Vaults:1 | Learned a level 3 spell: Vhi's Electric Charge
 40827 | Vaults:2 | Found a staircase to the Crypt.
 40937 | Vaults:2 | Reached skill level 1 in Translocations
 41176 | Vaults:2 | Found a runed translucent gate.
 41176 | Vaults:2 | Found a runed translucent gate.
 41176 | Vaults:2 | Found an ancient bone altar of Kikubaaqudgha.
 41176 | Vaults:2 | Noticed astronautguy's ghost (master FoEE)
 41271 | Vaults:2 | Found a runed translucent gate.
 41272 | Vaults:2 | Noticed Gehusmowke's ghost (veteran DgCj)
 41352 | Vaults:2 | Killed astronautguy's ghost
 41373 | Vaults:2 | Killed Gehusmowke's ghost
 41390 | Vaults:2 | Identified the +1 helmet "Variomai" {+Blink rPois Int+7}
 41399 | Vaults:2 | Identified the ring of Plog {rF+ Int+6 Dex+3}
 41559 | Vaults:3 | Reached XP level 21. HP: 210/210 MP: 17/23
 41775 | Vaults:3 | Reached skill level 5 in Translocations
 41880 | Vaults:3 | Found Getimie's General Store.
 42151 | Vaults:3 | Reached skill level 1 in Air Magic
 43012 | Vaults:3 | Reached skill level 5 in Air Magic
 44564 | Vaults:5 | Entered Level 5 of the Vaults
 44570 | Vaults:5 | Reached XP level 22. HP: 209/219 MP: 19/24
 44611 | Vaults:5 | Noticed an ancient lich
 44615 | Vaults:5 | HP: 9/219 [yaktaur captain/bolt (26)]
 44615 | Vaults:5 | HP: 2/219 [yaktaur captain/bolt (7)]
 44615 | Vaults:5 | Shot with a bolt by a vault sentinel

Illustrated notes

Levels and vault maps discovered:
D:1:      erik_arrival_triangle_small, layout_basic,
          ebering_ecumenical_altar_webs, serial_shops, nicolae_shop_waterfront,
          interstate_on_off, kennysheep_flooded_box, moated_statue,
          minmay_misc_feat_more_columns
D:2:      layout_basic, serial_shops, nicolae_shop_back_alley_shop,
          nicolae_shop_crystal, shop, shop_statue, serial_bayou_crossing,
          uniq_crazy_yiuf_cottage, uniq_robin
D:3:      layout_basic, slow_altar_1, lightli_temple_of_fire,
          mainiacjoe_overflow_alcove_4, nemelex_dance_club_becter,
          portal_sewer_entry_c, uniq_natasha
D:4:      minmay_bubble_buster, layout_basic
D:5:      layout_layer_cave
D:6:      layout_basic, mainiacjoe_overflow_catwalk,
          minmay_temple_entry_water_ring, serial_demonic, serial_demonic_f,
          serial_demonic_g, serial_demonic_g, serial_demonic_e,
          serial_demonic_a, serial_shops, shop, shop,
          nicolae_shop_advertising_works [nicolae_subvault_shop_adworks],
          uniq_blork_the_orc
D:7:      layout_loops_cross, grunt_temple_overflow_order_and_chaos_1
D:8:      cheibrodos_quashed, layout_basic, grunt_temple_overflow_open
D:9:      layout_loops_corners, lemuel_coloured_pillars_altar, nzn_random_ring
D:10:     layout_roguey, overflow_temple_1_default,
          grunt_lair_entry_orc_guard_hut, uniq_harold
D:11:     layout_basic, ebering_ghost_xom, enter_trove_2, uniq_lodul
D:12:     layout_gridville, kennysheep_orc_monster_closet_entryway,
          serial_shops, nicolae_shop_drivethru
D:13:     layout_roguey, lightli_vaults_fourway_checkpoint
D:14:     layout_layer_cave, chequers_mini_garden
D:15:     grunt_enter_depths_snipers, layout_basic, okawaru_metal_pillars_1_2,
          uniq_roxanne
Temple:   nicolae_temple_colour_theory
Lair:1:   lemuel_slime, layout_loops_ring, infiniplex_staircase_pool_2
Lair:2:   layout_cave_pods, palyth_hydra_swamp_entry, serial_bayou_ford_a,
          serial_bayou_pond_d
Lair:3:   layout_roguey, hellmonk_spider_entry_life_and_decay,
          roderic_carrion_pond, grunt_megastairs_4
Lair:4:   layout_regular_city, beast_lair_carwin_11
Lair:5:   minmay_lair_end_frog_pond, layout_regular_city, slime_entry_1,
          minmay_hedge_maze, nicolae_lair_time_for_slime, lemuel_fruit_fields
Swamp:1:  layout_basic_swamp, serial_swamp_ruin, evilmike_swamp_ruin_house_2,
          evilmike_swamp_ruin_house_6, nicolae_swamp_godswood
Swamp:2:  nzn_winding_woodlands_three_and_one
          [nzn_winding_woodlands_5x15_jagged, nzn_winding_woodlands_5x15_parted,
          nzn_winding_woodlands_5x15_pathside_ponds,
          nzn_winding_woodlands_center_pierced_h], layout_basic_swamp,
          nicolae_swamp_dense_foliage, swamp_pool1
Swamp:3:  layout_basic_swamp, evilmike_swamp_ruin_house_4, swamp_pool3,
          nicolae_swamp_tree_designs, uniq_aizul, uniq_louise
Swamp:4:  swamp_old_school, layout_basic_swamp, swamp_pool5
Spider:1: layout_spider_delve, uniq_donald
Spider:2: layout_spider_delve, beargit_elvish_explorers, uniq_arachne
Spider:3: nicolae_spider_hilbert_zone_3 [nicolae_spider_hilbert_4_sides_2_open,
          nicolae_spider_hilbert_3_sides_1_open,
          nicolae_spider_hilbert_3_sides_1_open,
          nicolae_spider_hilbert_3_sides_1_open,
          nicolae_spider_hilbert_3_sides_1_open,
          nicolae_spider_hilbert_4_sides_1_open,
          nicolae_spider_hilbert_4_sides_1_open,
          nicolae_spider_hilbert_4_sides_1_open,
          nicolae_spider_hilbert_4_sides_1_open,
          nicolae_spider_hilbert_4_sides_1_open,
          nicolae_spider_hilbert_4_sides_1_open,
          nicolae_spider_hilbert_4_sides_1_open,
          nicolae_spider_hilbert_4_sides_1_open,
          nicolae_spider_hilbert_3_sides_1_open,
          nicolae_spider_hilbert_3_sides_1_open,
          nicolae_spider_hilbert_3_sides_1_open,
          nicolae_spider_hilbert_3_sides_1_open], ebering_ghost_xom
Spider:4: johnstein_spider_rune_arachne_lair
Orc:1:    layout_diamond_mine, serial_shops, nicolae_shop_tiny_real_fake_doors
Orc:2:    st_orc_elflike, layout_diamond_mine
Elf:1:    minmay_elf_arrival_plus, layout_geoelf_octagon, serial_shops,
          nicolae_shop_tiny_glass, hangedman_elf_represent,
          lemuel_flamethrower_1
Elf:2:    nicolae_elf_blades_splatter_lattice
          [nicolae_blade_entry_splitting_headache], layout_geoelf_diagonals
Elf:3:    elf_hall_gauntlet_wide, layout_geoelf_castle,
          nicolae_elf_deep_mausoleum
Vaults:1: hangedman_vaults_river_flow, v_misc_15, nicolae_vaults_rhombus_5,
          ontoclasm_vaults_eye, nicolae_vaults_doubleplus_tesselated,
          nicolae_vaults_three_branches, hangedman_vaults_slice,
          nicolae_vaults_tetromino_Z_1, layout_vaults_omnigrid
Vaults:2: gammafunk_ghost_crypt, nicolae_vaults_turnstiles,
          vaults_room_semicircle, minmay_crypt_entry_simple_corners,
          nicolae_vaults_weapon_check, serial_ice_h, v_misc_29, v_misc_29,
          nicolae_vaults_network_star, grunt_vaults_focal,
          vaults_room_hangedman_quadrants, nicolae_vaults_tangram_1,
          vaults_room_hallway, layout_vaults_ring, serial_shops, shop,
          uniq_boris, uniq_nikola
Vaults:3: nicolae_vaults_tetromino_L_2, nicolae_vaults_offset_grid_hallway_1,
          grunt_vaults_trifunnel, st_greater_box_2,
          nicolae_vaults_closet_pinwheel_3, v_misc_29, v_misc_26, v_pattern_4,
          dpeg_vaults_monster_row, nicolae_vaults_rhombus_5, v_misc_24,
          nicolae_vaults_house_2, ontoclasm_vaults_idyll, vaults_dpeg_diagonal,
          nicolae_vaults_diamond_1, nicolae_vaults_house_1,
          layout_vaults_maze_snakey, serial_shops, shop
Vaults:4: vaults_room_boxed, v_misc_26, nicolae_vaults_wrenched,
          hangedman_vaults_nodes, hangedman_vaults_stream,
          nicolae_vaults_layer_cake_slice, nicolae_vaults_off_center_swirl,
          ontoclasm_vaults_fault, v_misc_15, nicolae_vaults_more_shelving_2,
          nicolae_vaults_circle_grid_b, nicolae_vaults_circle_grid_b,
          grunt_vaults_bifocal, layout_vaults_omnibox
Vaults:5: serial_shops

Skill      XL: |  1  2  3  4  5  6  7  8  9 10 11 12 13 14 15 16 17 18 19 20 21 |
---------------+----------------------------------------------------------------+-----
Unarmed Combat | 3 4 5 6 7 8 10 11 13 14 16 17 19 21 | 21.5
Shields        | 3 5 6 7 8 10 11 12 13 | 13.4
Fighting       | 3 4 5 6 8 9 10 11 12 13 | 13.3
Evocations     | 2 |  2.0
Spellcasting   | 4 |  4.1
Transmutations | 6 8 11 13 | 13.2
Armour         | 5 |  5.0
Earth Magic    | 8 10 13 17 | 17.2
Translocations | 3 7 |  7.0
Air Magic      | 6 |  6.0
Dodging        | |  2.4

Action                     |  1- 3 |  4- 6 |  7- 9 | 10-12 | 13-15 | 16-18 | 19-21 | 22-24 || total
---------------------------+-------+-------+-------+-------+-------+-------+-------+-------++-------
  Melee: Unarmed           |    84 |   188 |   188 |   430 |  1180 |  1449 |  1212 |    12 ||  4743
         Punch             |       |       |       |       |       |     5 |     2 |       ||     7
   Cast: Blade Hands       |       |       |       |       |       |     8 |     2 |       ||    10
         Statue Form       |       |       |       |       |       |     1 |    50 |     1 ||    52
         Beastly Appendage |       |       |       |       |       |       |     4 |       ||     4
         Vhi's Electric Ch |       |       |       |       |       |       |     4 |       ||     4
         Wereblood         |       |       |       |       |       |       |     3 |     1 ||     4
         Lesser Beckoning  |       |       |       |       |       |       |     1 |       ||     1
 Invoke: Serpent's Lash    |       |       |       |     3 |    10 |    14 |     5 |       ||    32
         Heavenly Storm    |       |       |       |       |       |     1 |       |       ||     1
Ability: Lunge             |       |       |    16 |    33 |    76 |    92 |    93 |       ||   310
         Whirlwind         |       |       |       |    11 |    37 |    88 |    65 |       ||   201
         End Transformatio |       |       |       |       |       |     4 |     6 |       ||    10
         Wall Jump         |       |       |       |       |       |       |     1 |       ||     1
  Evoke: Wand              |       |       |       |     2 |     1 |     1 |       |       ||     4
         Box of beasts     |       |       |       |       |       |       |     1 |       ||     1
    Use: Scroll            |       |     6 |    11 |     6 |     7 |     3 |    12 |     2 ||    47
         Potion            |       |       |     9 |       |     7 |     4 |     9 |     2 ||    31
   Stab: Sleeping          |       |     1 |       |       |       |       |       |       ||     1
         Confused          |       |       |       |       |       |     2 |       |       ||     2
 Armour: Robe              |    24 |    34 |    37 |    14 |       |       |       |       ||   109
         Troll leather arm |       |       |       |    25 |   144 |   309 |   146 |    16 ||   640
         Skin              |       |       |       |       |       |     8 |   220 |     6 ||   234
  Dodge: Dodged            |    22 |    48 |    56 |    55 |   180 |   258 |   209 |     6 ||   834
  Block: Kite shield       |    17 |    52 |   111 |   260 |   841 |  1079 |   704 |    16 ||  3080
         Reflection        |       |       |     4 |     8 |    30 |    45 |    55 |       ||   142
         Other             |       |       |       |       |       |     6 |       |       ||     6
